 Dungeon Crawl Stone Soup version 0.32-a0-30-gefbe487952 (webtiles) character file.

Game seed: 12365298299363584388

10084 Dirtsage the Mimic (level 11, -3/108 HPs)
             Began as an Octopode Shapeshifter on Jan 19, 2024.
             Was an Elder of the Shining One.
             Killed from afar by an eye of devastation (18 damage)
             ... with a bolt of devastation
             ... in a Gauntlet.
             The game lasted 00:26:20 (11269 turns).

Dirtsage the Mimic (Octopode Shapeshifter)         Turns: 11269, Time: 00:26:21

Health: -3/108     AC: 25    Str: 11 (13) XL:     11   Next: 56%
Magic:  14/14      EV:  2    Int: 18 (19) God:    the Shining One [****..]
Gold:   396        SH:  0    Dex: 13 (16) Spells: 10/10 levels left

rFire   + .          .
                       - Unarmed
rCold   + . .        (no shield)
rNeg    + + .        (helmet currently unavailable)
rPois   +            B - amulet of reflection
rElec   .            n - +6 ring of intelligence
rCorr   +            k - ring "Jeohibe" {Wiz rF+ Slay+2}
SInv    .            y - +5 ring of evasion
Will    .....        I - ring of protection from cold
Stlth   +            C - ring of resist corrosion
HPRegen 0.38/turn    (no ring)
MPRegen 0.14/turn    (no ring)
                     (no ring)

%: no teleportation, reflection, wizardry (x1)
@: confused, divinely shielded, tree-form, weak-willed, fragile (+50% incoming
damage), glowing
A: stationary, stasis, torment immunity, boosted hp, almost no armour,
(amphibious), 8 rings, (camouflage 1), (gelatinous body 1), (nimble swimmer 1),
(tentacles)
a: Renounce Religion, Divine Shield, Cleansing Flame


You were in a Gauntlet.
You worshipped the Shining One.
The Shining One was greatly pleased with you.
You were a tree.
You visited 2 branches of the dungeon, and saw 12 of its levels.
You also visited: Gauntlet.

You collected 2937 gold pieces.
You spent 2541 gold pieces at shops.

Inventory:

Missiles
 s - 2 curare-tipped darts (quivered)
Armour
 G - the +2 shield of Resistance {rF++ rC++ Will++}
   (You acquired it on level 8 of the Dungeon)

   rF++:      It greatly protects you from fire.
   rC++:      It greatly protects you from cold.
   Will++:    It greatly increases your willpower.
Jewellery
 d - an amulet of magic regeneration
 k - the ring "Jeohibe" (right branch) {Wiz rF+ Slay+2}
   (You acquired it on level 8 of the Dungeon)

   [ring of wizardry]

   Wiz:       It improves your spell success rate.
   Slay+2:    It affects your accuracy & damage with ranged weapons and melee
   (+2).
   rF+:       It protects you from fire.
 n - a +6 ring of intelligence (left branch)
 y - a +5 ring of evasion (on tentacle)
 B - an amulet of reflection (around neck)
 C - a ring of resist corrosion (on tentacle)
 I - a ring of protection from cold (on tentacle)
Talismans
 b - a beast talisman
 c - a flux talisman
 z - a serpent talisman (active)
 A - a dragon-blood talisman
Wands
 o - a wand of flame (6)
 D - a wand of paralysis (10)
Scrolls
 e - 3 scrolls of noise {unknown}
 f - 4 scrolls of vulnerability
 g - 2 scrolls of fear
 i - 2 scrolls of identify
 p - 3 scrolls of enchant armour {unknown}
 r - 2 scrolls of silence
 t - 5 scrolls of teleportation
 u - 4 scrolls of immolation {unknown}
 v - a scroll of fog {unknown}
 F - 2 scrolls of enchant weapon {unknown}
 H - a scroll of blinking {unknown}
Potions
 h - a potion of haste
 j - a potion of magic
 w - a potion of ambrosia {unknown}
 x - a potion of might {unknown}


   Skills:
 - Level 6.0 Fighting
 - Level 6.2 Dodging
 - Level 6.5 Unarmed Combat
 - Level 4.9 Invocations
 + Level 13.0 Shapeshifting


You had 10 spell levels left.
You didn't know any spells.
Your spell library contained the following spells:

 Spells                   Type           Power      Damage    Failure   Level
 Magic Dart               Conj           0%         1d3       9%          1
 Sandblast                Erth           0%         2d4       9%          1
 Shock                    Conj/Air       0%         1d3       9%          1
 Mercury Vapours          Alch/Air       0%         N/A       13%         2
 Searing Ray              Conj           0%         2d4       13%         2
 Mephitic Cloud           Conj/Alch/Air  0%         N/A       26%         3
 Passwall                 Erth           0%         N/A       26%         3
 Stone Arrow              Conj/Erth      0%         3d7       26%         3
 Swiftness                Air            0%         N/A       26%         3
 Airstrike                Air            0%         2d(0-16)  61%         4
 Brom's Barrelling Bould  Conj/Erth      0%         2d3       61%         4
 Fulminant Prism          Conj/Alch      0%         3d5       61%         4
 Freezing Cloud           Conj/Ice/Air   0%         6-21      91%         5


Dungeon Overview and Level Annotations

Branches:
Dungeon (11/15)            Temple (1/1) D:4             Orc (0/2) D:11
Gauntlet (1/1)
   Lair: D:8-11

Altars:
Ashenzari
Cheibriados
Dithmenos
Elyvilon
Fedhas
Gozag
Hepliaklqana
Kikubaaqudgha
Makhleb
Nemelex Xobeh
Okawaru
Qazlal
Sif Muna
Trog
Uskayaw
Vehumet
Wu Jian
Xom
Yredelemnul
Zin
The Shining One

Shops:
D:7 =   D:8 (=(   D:9 *

Annotations:
D:10 Erolcha
D:11 Sonja Gauntlet 13 transporters


Innate Abilities, Weirdness & Mutations

You are a tree.
Your roots penetrate the ground, keeping you stationary.
You cannot be teleported.
You are immune to unholy pain and torment.
Your maximum health is greatly increased.
You cannot wear most types of armour.
((You are amphibious.))
You can wear up to eight rings at the same time.
((Your skin changes colour to match your surroundings (Stealth+).))
((Your rubbery body absorbs attacks. (AC +1, EV +1)))
((You are camouflaged when in or above water. (Stealth+)))
((You have tentacles for arms and can constrict up to eight enemies at once.))


Message History

You kill the golden eye!
You hit the glass eye.
The glass eye is moderately wounded.
You swing at nothing.
The glass eye gazes at you.
You feel your fragility will last longer.
You pummel the glass eye!!
You punch the glass eye, but do no damage.
The glass eye is severely wounded.
The eye of devastation gazes at you.
The bolt of devastation hits you but does no damage.
The glass eye gazes at you.
You feel your fragility will last longer.
You hit the glass eye.
The glass eye is severely wounded.
The eye of devastation gazes at you. The bolt of devastation hits you!!!
Ouch! That really hurt!
* * * LOW HITPOINT WARNING * * *
You take 54 damage, and have 6/108 hp.
MASSIVE DAMAGE!!
You attack the granite statue.
MP restored: 14 You feel much better.
You regained 26 hp, and now have 32/108 hp.
You swing at nothing.
You nearly hit yourself!
The glass eye gazes at you.
You feel your fragility will last longer.
You hit the glass eye.
The glass eye is almost dead.
The eye of devastation gazes at you. The bolt of devastation hits you!
* * * LOW HITPOINT WARNING * * *
You take 19 damage, and have 14/108 hp.
You swing at nothing.
The glass eye gazes at you.
You feel your fragility will last longer.
The eye of devastation gazes at you. The bolt of devastation hits you!
You die...

#≈.. ### ### ### ### ### ###
####
##≈###≈###≈###≈###≈###≈###...
#≈≈≈#≈≈≈#≈≈≈#≈≈≈#≈≈≈#≈≈≈#...8
##≈..........................
##...#######################
##≈...#..8#8..#8©8#...##hh#8©
#≈≈∩..#...8.G=#...###...#.#..
##≈...#8.8.8♣.#...#p.#^.#.#..
##..©##8^©G8©#©.©#h.#©#?©#©.
##≈...#8.8.8.!#####h#.^#.h###
#≈≈∩..#...8...#...#h#h..###..
##≈...#..8#8..#.8.#h.##hhh#.8
##...#########...#########..
##≈..........................
#≈≈≈#≈≈≈#≈≈≈#≈≈≈#≈≈≈#≈≈≈#≈≈≈#
##≈###≈###≈###≈###≈###≈###≈##


You could see an eye of devastation, a glass eye, a necromancer and 4 wolves.

Vanquished Creatures
  Harold (D:11)
  A two-headed ogre (D:8)
  A gargoyle (D:11)
  An unseen horror (D:11)
  A troll (D:9)
  2 vampires (D:9)
  A wraith (D:10)
  A shadow (D:11)
  A golden eye (Gauntlet)
  14 yaks
  Menkaure (D:4)
  Edmund (D:4)
  An acid dragon (D:9)
  2 water moccasins
  5 orc warriors
  A sky beast (D:7)
  3 ice beasts
  5 black bears
  2 centaurs (D:8)
  A phantom (D:6)
  5 kobold brigands
  Blork the orc (D:6)
  2 bullfrogs
  3 scorpions
  2 jellies
  4 killer bees (D:9)
  16 wights
  2 howler monkeys
  3 electric eels (D:6)
  3 hounds
  A gnoll bouda (D:8)
  13 orc priests
  4 iguanas
  2 sleepcaps
  7 orc wizards
  Natasha (thrice) (D:4)
  A statue (D:8)
  16 gnolls
  6 adders
  6 ufetubi
  6 dart slugs
  2 ribbon worms
  29 orcs
  6 ball pythons
  6 bats
  4 endoplasms
  A giant cockroach (D:1)
  4 hobgoblins
  7 jackals
  2 quokkas
  3 frilled lizards
  5 goblins
  33 kobolds
  7 rats
  A spectral kobold (D:5)
262 creatures vanquished.

Notes
Turn   | Place    | Note
-------+----------+-------------------------------------------
     0 | D:1      | Dirtsage the Octopode Shapeshifter began the quest for the
                  | Orb.
     0 | D:1      | Reached XP level 1. HP: 13/13 MP: 1/1
   203 | D:1      | Reached XP level 2. HP: 18/18 MP: 2/2
   237 | D:1      | Found a faded altar of an unknown god.
   397 | D:1      | Reached XP level 3. HP: 22/23 MP: 3/3
   519 | D:1      | You fall into a shaft and drop 1 floor!
  1273 | D:2      | Reached XP level 4. HP: 26/29 MP: 4/4
  2014 | D:3      | Reached skill level 4 in Shapeshifting
  2117 | D:4      | Noticed a black bear
  2130 | D:4      | Killed a black bear
  2131 | D:4      | Reached XP level 5. HP: 14/35 MP: 5/5
  2214 | D:4      | Found an opulent altar of Gozag.
  2265 | D:4      | Found a staircase to the Ecumenical Temple.
  2274 | D:4      | Noticed Edmund
  2289 | D:4      | Reached XP level 6. HP: 34/41 MP: 6/6
  2321 | D:4      | Noticed Menkaure
  2333 | Temple   | Entered the Ecumenical Temple
  2344 | Temple   | Became a worshipper of the Shining One
  2414 | D:4      | Killed Edmund
  2485 | D:4      | Noticed a black bear
  2496 | D:4      | Killed a black bear
  2497 | D:4      | Reached skill level 5 in Shapeshifting
  2515 | D:4      | Killed Menkaure
  2516 | D:4      | Reached XP level 7. HP: 20/46 MP: 7/7
  2700 | D:4      | Found an ornate altar of the Wu Jian Council.
  2762 | D:4      | Noticed Natasha
  2768 | D:4      | Killed Natasha
  2999 | D:4      | Reached skill level 1 in Invocations
  3001 | D:4      | Noticed Natasha
  3007 | D:4      | Killed Natasha
  3066 | D:4      | Noticed Natasha
  3074 | D:4      | Killed Natasha
  3131 | D:5      | Entered Level 5 of the Dungeon
  3326 | D:5      | Reached XP level 8. HP: 54/54 MP: 9/9
  3394 | D:5      | Found a shimmering altar of Xom.
  3577 | D:5      | Reached skill level 6 in Shapeshifting
  3750 | D:5      | Reached skill level 5 in Unarmed Combat
  3768 | D:5      | Found a glowing silver altar of Zin.
  3813 | D:5      | Found a shimmering blue altar of Sif Muna.
  3815 | D:5      | Found a bloodstained altar of Trog.
  3816 | D:5      | Found a snail-covered altar of Cheibriados.
  3817 | D:5      | Found a hide-covered altar of Uskayaw.
  4021 | D:5      | Found a hazy altar of Hepliaklqana.
  4169 | D:6      | Reached * piety under the Shining One
  4178 | D:6      | Noticed Blork the orc
  4186 | D:6      | Killed Blork the orc
  4566 | D:6      | Found a basalt altar of Yredelemnul.
  4581 | D:6      | HP: 1/52 [orc/sling bullet (5)]
  4993 | D:6      | Reached skill level 5 in Dodging
  4993 | D:6      | Reached XP level 9. HP: 21/58 MP: 11/11
  4996 | D:6      | Reached skill level 7 in Shapeshifting
  5622 | D:6      | Reached skill level 5 in Fighting
  5633 | D:6      | Reached ** piety under the Shining One
  6657 | D:7      | Found Ittucsuc's Jewellery Shoppe.
  6836 | D:7      | Reached skill level 8 in Shapeshifting
  7166 | D:7      | Reached XP level 10. HP: 68/68 MP: 13/13
  7391 | D:7      | Found a white marble altar of Elyvilon.
  7496 | D:8      | Reached *** piety under the Shining One
  7860 | D:8      | Reached skill level 9 in Shapeshifting
  7977 | D:8      | Found a radiant altar of Vehumet.
  8203 | D:8      | Found Ynacet's Weapon Emporium.
  8329 | D:8      | Found Uqoc's Jewellery Boutique.
  8386 | D:8      | Found Alykh's Weapon Shop.
  8512 | D:8      | Found a broken altar of Ashenzari.
  8636 | D:8      | Noticed a two-headed ogre
  8655 | D:8      | Identified 4 scrolls of acquirement
  8655 | D:8      | Acquired the +2 shield of Resistance {rF++ rC++ Will++}
  8655 | D:8      | Found the +2 shield of Resistance {rF++ rC++ Will++}
  8657 | D:8      | Acquired the ring "Jeohibe" {Wiz rF+ Slay+2}
  8658 | D:8      | Acquired 1032 gold pieces
  8659 | D:8      | Acquired 1365 gold pieces
  8765 | D:8      | Bought a ring of protection from cold for 275 gold pieces
  8765 | D:8      | Bought a +5 ring of evasion for 396 gold pieces
  8765 | D:8      | Bought a serpent talisman for 330 gold pieces
  8841 | D:7      | Bought a dragon-blood talisman for 840 gold pieces
  8841 | D:7      | Bought a ring of resist corrosion for 280 gold pieces
  8841 | D:7      | Bought an amulet of reflection for 420 gold pieces
  9002 | D:8      | Killed a two-headed ogre
  9003 | D:8      | Reached skill level 10 in Shapeshifting
  9517 | D:9      | Reached skill level 11 in Shapeshifting
  9622 | D:9      | Reached XP level 11. HP: 72/72 MP: 14/14
 10023 | D:9      | Found Flejicri's Fabulous Fripperies.
 10206 | D:9      | Reached skill level 12 in Shapeshifting
 10612 | D:10     | Entered Level 10 of the Dungeon
 10686 | D:10     | Noticed Erolcha
 10701 | D:11     | Noticed Sonja
 10764 | D:11     | Reached **** piety under the Shining One
 10849 | D:11     | Found a gate leading to a gauntlet.
 10849 | D:11     | Noticed Harold
 10866 | D:11     | Killed Harold
 10867 | D:11     | Reached skill level 13 in Shapeshifting
 10871 | D:11     | HP: 2/86 [asphyx]
 10874 | Gauntlet | Entered a Gauntlet
 10874 | Gauntlet | Found a transporter.
 11093 | Gauntlet | Found a transporter.
 11096 | Gauntlet | Found a transporter.
 11097 | Gauntlet | Found a transporter.
 11100 | Gauntlet | Noticed a necromancer
 11105 | Gauntlet | Found a transporter.
 11108 | Gauntlet | Found a transporter.
 11109 | Gauntlet | Found a transporter.
 11116 | Gauntlet | Noticed a catoblepas
 11119 | Gauntlet | Found a transporter.
 11121 | Gauntlet | Found a transporter.
 11122 | Gauntlet | Found a transporter.
 11134 | Gauntlet | Found a transporter.
 11135 | Gauntlet | Found a transporter.
 11142 | Gauntlet | Noticed a dire elephant
 11143 | Gauntlet | Found a transporter.
 11177 | Gauntlet | Found a transporter.
 11269 | Gauntlet | Killed from afar by an eye of devastation

Illustrated notes

Levels and vault maps discovered:
D:1:      minmay_arrival_solitary_statue, layout_loops_ring,
          shapermc_ecumenical_altar_acropolis
D:2:      layout_rooms
D:3:      layout_loops_ring
D:4:      wander_river, layout_cave_pools, mainiacjoe_overflow_tiny_flanked,
          nzn_wu_jian_contemplation, minmay_temple_entry_overgrown,
          minmay_misc_feat_plants, uniq_natasha, uniq_edmund, uniq_menkaure
D:5:      layout_basic, nicolae_hepliaklqana_monster_ancestors, minitemple,
          lemuel_tele_altar
D:6:      layout_rooms, mainiacjoe_overflow_catwalk, serial_bayou_lake_a,
          uniq_blork_the_orc
D:7:      layout_loops_cross, nicolae_elyvilon_temple_path, serial_shops, shop
D:8:      layout_gridville, kennysheep_mini_moat, vehumet_statue, serial_shops,
          nicolae_shop_stone, shop, nicolae_square_shop, minmay_puff
D:9:      layout_gridville, nicolae_alphabet_shops,
          chequers_serial_rivers_large_a
D:10:     layout_rooms, hangedman_ru_absence, lair_entry_dummy,
          nicolae_trove_entry_columns, uniq_erolcha
D:11:     layout_gridville, david_orc_3, gauntlet_entry_generic, uniq_sonja,
          uniq_harold
Temple:   hellmonk_temple_flake
Gauntlet: gammafunk_gauntlet_77_escape_option
          [minmay_gauntlet_arena_77_terracotta_army,
          minmay_gauntlet_arena_77_squiggly, minmay_gauntlet_arena_77_box,
          minmay_gauntlet_arena_77_radiant_squares,
          minmay_gauntlet_arena_77_fan, gauntlet_exit_watery]

Skill      XL: |  1  2  3  4  5  6  7  8  9 10 11 |
---------------+----------------------------------+-----
Fighting       | 2 3 4 5 6 |  6.0
Shapeshifting  | 4 5 6 8 11 13 | 13.0
Dodging        | 3 4 5 6 |  6.2
Unarmed Combat | 4 5 6 |  6.5
Invocations    | 1 3 4 |  4.9

Action                     |  1- 3 |  4- 6 |  7- 9 | 10-12 || total
---------------------------+-------+-------+-------+-------++-------
  Melee: Unarmed           |    82 |    76 |   267 |   275 ||   700
         Constrict         |    22 |    18 |    83 |    57 ||   180
         Tentacles         |    11 |    19 |    85 |    29 ||   144
         Punch             |     2 |     3 |     5 |     1 ||    11
 Invoke: Divine Shield     |       |       |       |     7 ||     7
  Evoke: Wand              |       |       |     7 |     2 ||     9
    Use: Scroll            |       |     2 |     4 |     9 ||    15
         Potion            |       |     1 |       |     5 ||     6
   Stab: Sleeping          |     6 |     4 |       |       ||    10
 Armour: Skin              |    19 |    39 |    97 |    87 ||   242
  Dodge: Dodged            |    39 |    39 |   172 |   146 ||   396
  Block: Other             |       |       |       |    40 ||    40
         Reflection        |       |       |       |     4 ||     4
   Form: Flux              |       |       |     1 |       ||     1
         Serpent           |       |       |       |     1 ||     1

Table legend: (Time is in decaauts)
 A = Elapsed time spent in this place.
 B = Non-inter-level travel time spent in this place.
 C = Inter-level travel time spent in this place.
 D = Time resting spent in this place.
 E = Time spent auto-exploring this place.
 F = Levels seen in this place.
 G = Mean time per level.
                   A        B        C        D        E       F      G
               +--------+--------+--------+--------+--------+-----+--------+
         Total |  11226 |  10724 |    502 |    880 |   7823 |  13 |  863.5 |
       Dungeon |  10754 |  10262 |    492 |    841 |   7453 |  11 |  977.6 |
        Temple |     63 |     53 |     10 |     39 |      0 |   1 |   63.0 |
      Gauntlet |    408 |    408 |      0 |      0 |    370 |   1 |  408.0 |
               +--------+--------+--------+--------+--------+-----+--------+

Top non-repeatable levels by time:
     D:7: 1795 daAuts
     D:8: 1713 daAuts
     D:6: 1585 daAuts
     D:5: 1129 daAuts
     D:9: 1125 daAuts
     D:4: 1034 daAuts
     D:3: 769 daAuts
     D:1: 737 daAuts
     D:2: 602 daAuts
Gauntlet: 408 daAuts
    D:11: 170 daAuts
    D:10: 91 daAuts
  Temple: 63 daAuts
